 Dungeon Crawl Stone Soup version 0.27.1 (webtiles) character file.

Game seed: 2267886578970952832

51 H0rd4k the Caller (level 3, -1/24 HPs)
             Began as a Barachi Summoner on Sept 1, 2021.
             Slain by an orc (7 damage)
             ... on level 3 of the Dungeon.
             The game lasted 00:04:24 (2446 turns).

H0rd4k the Caller (Barachi Summoner)                Turns: 2446, Time: 00:04:24

Health: -1/24      AC:  2    Str:  9    XL:     3   Next: 83%
Magic:  1/7        EV: 12    Int: 16    God:
Gold:   21         SH:  5    Dex: 12    Spells: 4/8 levels left

rFire    + . .     SeeInvis .   e - staff of fire
rCold    . . .     Faith    .   (no shield)
rNeg     . . .     Spirit   .   a - +0 robe
rPois    .         Reflect  +   (no helmet)
rElec    .         Harm     .   (no cloak)
rCorr    .         Rampage  .   (no gloves)
Will     .....                  (no boots)
Stlth    ++........             i - amulet of reflection
HPRegen  0.08/turn              (no ring)
MPRegen  0.10/turn              (no ring)

@: unable to hop, slow
A: amphibious, slowness 1, strong legs 1, +LOS
a: Hop


You were on level 3 of the Dungeon.
You visited 1 branch of the dungeon, and saw 3 of its levels.

You collected 21 gold pieces.

Inventory:

Hand Weapons
 k - a +1 falchion of holy wrath
Armour
 a - a +0 robe (worn)
Magical Staves
 e - a staff of fire (weapon)
Jewellery
 i - an amulet of reflection (around neck)
Scrolls
 c - a scroll of identify {unknown}
 d - a scroll of enchant weapon {unknown}
 f - a scroll of vulnerability {unknown}
 l - a scroll of teleportation {unknown}
Potions
 b - a potion of resistance {unknown}
 g - a potion of degeneration {unknown}
 h - a potion of might {unknown}
 j - 2 potions of flight {unknown}


   Skills:
 + Level 2.2 Dodging
 - Level 1.7 Stealth
 * Level 3.0 Spellcasting
 * Level 5.9 Summonings


You had 4 spell levels left.
You knew the following spells:

 Your Spells              Type           Power      Damage    Failure   Level
a - Summon Small Mammal   Summ           84%        N/A       1%          1
b - Call Canine Familiar  Summ           21%        N/A       4%          3

Your spell library contained the following spells:

 Spells                   Type           Power      Damage    Failure   Level
 Call Imp                 Summ           21%        N/A       2%          2
 Summon Guardian Golem    Hex/Summ       11%        N/A       17%         3
 Summon Lightning Spire   Summ/Air       11%        N/A       50%         4


Dungeon Overview and Level Annotations

Branches:
Dungeon (3/15)

Altars:
Ashenzari

Shops:
D:2 ?

Annotations:
D:1 exclusion: 2 downstairs


Innate Abilities, Weirdness & Mutations

You are amphibious.
You cover ground slowly.
You can hop short distances.
You have an extended range of vision and can be seen from far away.


Message History

You hit the orc.
The orc is almost dead.
The ball python bites your hound. The ball python grabs your hound.
The ball python constricts your hound.
Your hound closely misses the ball python.
The orc barely misses you. The orc hits you with a +0 dagger.
Your hound barely misses the ball python.
The ball python bites your hound. The ball python constricts your hound.
The orc barely misses you.
You closely miss the orc.
The orc is almost dead.
Your hound barely misses the ball python.
The ball python bites your hound but does no damage.
The ball python constricts your hound. The orc barely misses you. x2
The orc hits you with a +0 short sword.
Your hound closely misses the ball python.
You barely miss the orc.
The orc is almost dead.
The ball python barely misses your hound.
The ball python constricts your hound.
Your hound misses the ball python. The orc closely misses you.
The orc barely misses you. The orc closely misses you.
The ball python bites your hound but does no damage.
The ball python constricts your hound.
You hit the orc but do no damage.
The orc is almost dead.
Your hound bites the ball python.
You block the orc's attack. The orc closely misses you.
The orc barely misses you.
Your hound closely misses the ball python.
The ball python bites your hound. The ball python constricts your hound.
You block the orc's attack.
You closely miss the orc.
The orc is almost dead.
Your hound bites the ball python.
The ball python dies!
The orc hits you with a +0 mace.
* * * LOW HITPOINT WARNING * * *
You block the orc's attack.
Your hound barely misses the orc.
The orc closely misses you. The orc hits you with a +0 mace!
You die...

##......##
##........##
#.........<.
#...........
#...........
#..........#
#..........#
#..........
#.@o.....##
#..oo....>.#
#..h.......#
#..†..$....#
#..........#
#......(....
##........##
##......##
########


You could see 3 orcs and a friendly hound (summoned).

Vanquished Creatures (collateral kills)
  An orc wizard (D:2)
  An adder (D:2)
  2 dart slugs (D:1)
  4 orcs (D:2)
  4 endoplasms (D:1)
  2 giant cockroaches (D:2)
  2 goblins (D:1)
  2 hobgoblins
  4 jackals (D:1)
  A quokka (D:1)
  4 ball pythons
  2 bats
  2 frilled lizards
  7 kobolds
  3 rats
41 creatures vanquished.

Vanquished Creatures (others)
  A fungus (D:1)
1 creature vanquished.

Grand Total: 42 creatures vanquished

Notes
Turn   | Place    | Note
-------+----------+-------------------------------------------
     0 | D:1      | H0rd4k the Barachi Summoner began the quest for the Orb.
     0 | D:1      | Reached XP level 1. HP: 13/13 MP: 3/3
   309 | D:1      | Reached skill level 5 in Summonings
   510 | D:1      | Reached XP level 2. HP: 19/19 MP: 1/5
  1515 | D:1      | Found a faded altar of an unknown god.
  1558 | D:2      | Found a broken altar of Ashenzari.
  1614 | D:2      | Reached XP level 3. HP: 24/24 MP: 1/7
  1620 | D:1      | Learned a level 3 spell: Call Canine Familiar
  2263 | D:2      | Found Xaeczu Soce's Magic Scroll Emporium.
  2446 | D:3      | Slain by an orc

Illustrated notes

Levels and vault maps discovered:
D:1:      dpeg_arrival_round_a, layout_loops_ring,
          shapermc_ecumenical_altar_hornbeckon, minmay_misc_feat_enclosed
D:2:      layout_rooms, basic_altar, serial_shops, shop, minmay_hexomino_r4
D:3:      layout_rooms, chequers_arboretum, minmay_stone_trees_small

Skill      XL: |  1  2  3 |
---------------+----------+-----
Summonings     | 5 |  5.9
Spellcasting   | 3 |  3.0
Dodging        | |  2.2
Stealth        | |  1.7

Action                   || total
-------------------------++-------
Melee: Staff             ||    30
 Cast: Summon Small Mamm ||    91
       Call Canine Famil ||     8
 Abil: Hop               ||     2
Armor: Robe              ||    11
Dodge: Dodged            ||    41
Block: Other             ||     8
